Map: Pillars of Gold LE

Players

Erik

  • Race: Zerg Zerg
  • Spawn Location: 1:00

JimRising - Winner!

  • Race: Zerg Zerg
  • League: Grandmaster
  • Spawn Location: 7:00

Event: DreamHack SC2 Masters 2020 Summer Latin America

VOD

Have the link to the VOD?

Description

Time

  • Played on: June 25, 2020, 4:05 p.m.
  • Length: 9:35

All games in this series

Show
View Real Time Build Order
Export as new Build Order

Erik Zerg 

Build Orders: Pool First 

Get SALT Encoding   

  12  0:01  Drone  
  13  0:08  Drone  
  14  0:14  Extractor  
  14  0:16  Drone  
  15  0:23  Overlord  
  15  0:38  Spawning Pool  
  15  0:41  Drone  
  15  0:45  Drone  
  15  0:49  Drone  
  17  0:52  Extractor  
  17  0:56  Drone  
  17  1:16  Hatchery  
  16  1:26  Zergling x4  
  16  1:28  Zergling x2  
  19  1:40  Queen  
  19  1:44  Zergling x2  
  22  1:55  Metabolic Boost  
  22  1:59  Overlord  
  22  2:17  Queen  
  22  2:19  Drone x2  
  22  2:21  Drone  
  27  2:33  Drone x2  
  28  2:44  Overlord  
  28  2:47  Zergling x2  
  28  2:48  Zergling x6  
  32  2:55  Zergling x4  
  34  3:01  Queen  
  39  3:12  Drone x3  
  39  3:19  Drone  
  40  3:25  Drone x3  
  43  3:28  Drone  
  43  3:32  Overlord  
  43  3:34  Drone  
  43  3:47  Evolution Chamber, Overlord  
  42  3:50  Drone x2  
  42  3:54  Drone x2  
  46  4:00  Drone  
  46  4:01  Drone x5  
  51  4:06  Drone  
  52  4:11  Extractor  
  52  4:13  Drone  
  52  4:17  Drone  
  52  4:20  Extractor  
  52  4:24  Zerg Ground Armor Level 1  
  52  4:29  Hatchery  
  52  4:30  Roach Warren, Drone  
  51  4:39  Drone x3  
  51  4:40  Overlord  
  54  4:46  Lair  
  54  4:47  Drone x2  
  54  4:50  Drone  
  54  4:51  Extractor  
  56  5:02  Overlord  
  56  5:11  Roach x6  
  67  5:22  Roach  
  67  5:23  Roach x2  
  73  5:37  Roach  
  73  5:39  Overlord x3  
  73  5:40  Overlord  
  75  5:43  Overlord  
  75  5:46  Overseer  
  75  5:47  Glial Reconstitution  
  74  6:00  Drone  
  74  6:01  Drone x7  
  82  6:14  Extractor  
  82  6:15  Extractor  
  79  6:22  Spore Crawler  
  79  6:23  Spore Crawler  
  79  6:24  Spore Crawler  
  79  6:25  Zergling x18  
  84  6:27  Queen  
  84  6:28  Queen  
  86  6:33  Queen  
  88  6:44  Zergling x2  
  88  6:45  Zergling x10  
  86  6:57  Spore Crawler  
  83  7:02  Queen  
  83  7:04  Queen  
  86  7:11  Queen  
  85  7:17  Zergling x14  
  84  7:27  Spore Crawler  
  83  7:30  Spire  
  76  7:38  Queen  
  76  7:49  Spore Crawler  
  75  7:53  Zergling x16  
  80  8:00  Drone x3  
  79  8:23  Spore Crawler  
  69  8:38  Spore Crawler  
  64  8:48  Mutalisk x10  
  77  9:01  Mutalisk x3  
Show
View Real Time Build Order
Export as new Build Order

JimRising Zerg - Winner!

Build Orders: Hatch First 

Get SALT Encoding   

  12  0:00  Drone  
  13  0:12  Overlord  
  13  0:17  Drone  
  14  0:32  Drone x2  
  16  0:51  Hatchery  
  16  0:52  Drone  
  16  0:58  Drone  
  17  1:12  Spawning Pool  
  17  1:15  Drone  
  17  1:19  Drone  
  17  1:22  Drone  
  19  1:25  Extractor  
  19  1:29  Drone  
  19  1:38  Overlord  
  19  1:58  Queen  
  19  1:59  Zergling x2  
  22  2:02  Zergling x2  
  22  2:03  Zergling x2  
  22  2:04  Queen  
  26  2:14  Drone x2  
  28  2:22  Drone  
  29  2:34  Queen  
  31  2:40  Queen  
  32  2:47  Spine Crawler  
  32  2:49  Drone x3  
  34  2:59  Drone x2  
  34  3:04  Spine Crawler  
  35  3:06  Drone  
  35  3:10  Overlord  
  36  3:28  Drone  
  36  3:30  Drone x6  
  36  3:31  Drone  
  44  3:38  Lair  
  44  3:50  Overlord  
  44  4:01  Roach Warren  
  43  4:03  Evolution Chamber, Drone  
  43  4:04  Drone  
  43  4:05  Extractor  
  43  4:06  Overlord  
  43  4:07  Extractor x2  
  41  4:12  Drone x2  
  41  4:13  Drone x2  
  41  4:14  Evolution Chamber  
  41  4:15  Drone  
  45  4:21  Drone x2  
  45  4:22  Drone  
  45  4:23  Drone  
  49  4:28  Drone x2  
  51  4:33  Drone x2  
  53  4:42  Spire  
  52  4:49  Drone  
  52  4:50  Drone x2  
  52  4:51  Overlord  
  55  4:54  Overlord  
  55  5:01  Roach  
  55  5:03  Zergling x6  
  60  5:09  Overlord  
  60  5:11  Overlord  
  60  5:17  Drone  
  61  5:47  Hatchery  
  60  5:54  Mutalisk x10  
  80  6:09  Zerg Flyer Weapons Level 1, Overlord x2  
  80  6:10  Drone x3  
  83  6:27  Mutalisk x2  
  83  6:31  Overlord, Metabolic Boost  
  86  6:34  Extractor  
  86  6:36  Overlord  
  86  6:37  Extractor  
  84  6:41  Mutalisk  
  80  6:51  Mutalisk  
  82  6:57  Zergling x14  
  82  6:58  Zergling x2  
  92  7:11  Mutalisk x2  
  96  7:21  Mutalisk  
  94  7:25  Zergling x4  
  94  7:26  Zergling x6  
  99  7:30  Mutalisk  
  93  7:45  Mutalisk x2  
  97  7:53  Zergling x8  
  97  7:54  Hatchery  
  100  8:02  Mutalisk  
  100  8:04  Zergling x4  
  104  8:07  Mutalisk  
  106  8:19  Mutalisk  
  108  8:23  Mutalisk  
  106  8:29  Zergling x8  
  106  8:30  Zergling x2  
  109  8:36  Mutalisk  
  109  8:38  Zergling x4  
  112  8:42  Mutalisk  
  112  8:44  Zergling x2  
  112  8:45  Zergling x2  
  114  8:54  Mutalisk  
  100  9:07  Mutalisk  
  100  9:09  Zergling x8  
Tags
 
Add a new tag
Caveats
  • Supply blocks, unpowered buildings, or Contaminate may cause inaccurate times.
  • Supply counts are checked every 10 seconds.